 Dungeon Crawl Stone Soup version 0.29-a0-1023-g6ae1a4a2c7 (webtiles) character file.

Game seed: 7593221427310939948

1355 frimble the Conjurer (level 8, -9/56 HPs)
             Began as a Demonspawn Earth Elementalist on Aug 12, 2022.
             Was a Follower of Cheibriados.
             Mangled by an orc warrior
             ... wielding a +0 glaive
              (14 damage)
             ... on level 6 of the Dungeon.
             The game lasted 00:06:45 (6444 turns).

frimble the Conjurer (DsEE)                         Turns: 6444, Time: 00:06:46

Health: -9/56      AC:  6    Str: 10    XL:     8   Next: 37%
Magic:  7/13       EV: 13    Int: 24    God:    Cheibriados [*.....]
Gold:   187        SH:  0    Dex: 17    Spells: 8/14 levels left

rFire   . . .      SeeInvis .   q - +8 mace "Ynan" {freeze, rC++ Int+2}
rCold   + + .      Faith    .   (no shield)
rNeg    . . .      Spirit   .   a - +0 robe
rPois   .          Reflect  .   (no helmet)
rElec   .          Harm     .   (no cloak)
rCorr   .          Rampage  .   e - +0 pair of gloves
Will    .....                   f - +2 pair of boots
Stlth   ++........              (no amulet)
HPRegen 0.18/turn               (no ring)
MPRegen 0.13/turn               (no ring)

@: very slow
A: big brain 1, demonic magic 1, demonic touch 1
a: Renounce Religion, Bend Time


You were on level 6 of the Dungeon.
You worshipped Cheibriados.
Cheibriados was aware of your devotion.
You visited 2 branches of the dungeon, and saw 7 of its levels.

You collected 216 gold pieces.
You spent 29 gold pieces at shops.

Inventory:

Hand Weapons
 c - a +0 spear
 q - the +8 mace "Ynan" (weapon) {freeze, rC++ Int+2}
   (You found it on level 4 of the Dungeon)

   It freezes those it strikes, dealing additional cold damage.
   It can also slow down cold-blooded creatures.
   Int:       It affects your intelligence (+2).
   rC:        It greatly protects you from cold.
Armour
 a - a +0 robe (worn)
 e - a +0 pair of gloves (worn)
 f - a +2 pair of boots (worn)
Wands
 s - a wand of iceblast (2)
Scrolls
 d - 2 scrolls of blinking
 g - 3 scrolls of magic mapping
 h - a scroll of acquirement {unknown}
 j - a scroll of teleportation {unknown}
 k - a scroll of butterflies {unknown}
 l - 5 scrolls of identify
 o - a scroll of immolation
 t - a scroll of fear {unknown}
 w - a scroll of enchant armour {unknown}
Potions
 b - 3 potions of magic
 i - 2 potions of curing
 m - a potion of heal wounds
 n - 2 potions of flight {unknown}
 p - a potion of invisibility {unknown}
 r - a potion of mutation {unknown}
 u - a potion of berserk rage {unknown}
 v - 2 potions of resistance {unknown}


   Skills:
 - Level 2.1 Fighting
 - Level 3.0 Dodging
 - Level 1.8 Stealth
 + Level 3.8 Spellcasting
 - Level 7.4 Conjurations
 - Level 1.0 Transmutations
 - Level 5.0 Earth Magic


You had 8 spell levels left.
You knew the following spells:

 Your Spells              Type           Power      Damage    Failure   Level
a - Sandblast             Erth           56%        2d13      1%          1
b - Passwall              Tmut/Erth      15%        N/A       4%          2
c - Stone Arrow           Conj/Erth      68%        3d11      2%          3

Your spell library contained the following spells:

 Spells                   Type           Power      Damage    Failure   Level
 Dazzling Flash           Conj/Hex       44%        N/A       6%          3
 Iskenderun's Mystic Bla  Conj/Tloc      22%        2d6       22%         4
 Petrify                  Tmut/Erth      19%        N/A       28%         4
 Starburst                Conj/Fire      11%        6d5       97%         6


Dungeon Overview and Level Annotations

Branches:
Dungeon (6/15)             Temple (1/1) D:4

Altars:
Cheibriados
Fedhas
Gozag
Nemelex Xobeh
Okawaru
Qazlal
Ru
Sif Muna
Vehumet
Xom

Shops:
D:2 *


Innate Abilities, Weirdness & Mutations

You have an unusually large brain. (Int +2)
Spells you cast may paralyse adjacent enemies.
Your touch may inflict minor irresistible damage on your foes.


Message History

Found a stone.
The orc wizard shouts!
The orc wizard casts a spell at you. You resist with some effort.
An orc comes into view. It is wielding a +0 war axe.
The orc wizard gestures wildly while chanting.
The orc wizard flickers and vanishes!
Deactivating autopickup; reactivate with Ctrl-A.
The orc shouts!
The orc warrior shouts!
The orc misses you.
You closely miss the orc.
You touch the orc!
You kill the orc!
Cheibriados thoroughly appreciates the change of pace.
The orc warrior hits you from afar with a +0 glaive!!
The orc warrior hits you from afar with a +0 glaive!
Unknown command.
Okay, then.
Casting: Stone Arrow (dangerous; 2% risk of failure)
Confirm with . or Enter, or press ? or * to list all spells.
Aiming: Sandblast (safe; 1% risk of failure)
Press: ? - help, Shift-Dir - straight line, f - orc warrior
Aim: an orc warrior, wielding a +0 glaive and wearing a +2 plate armour of fire resistance (83% to hit)
The blast of sand hits the orc!
You kill the orc!
Cheibriados appreciates the change of pace.
Malevolent energies surge around you. The orc warrior misses you.
The orc warrior barely misses you.
Okay, then.
Unknown command.
Casting: Sandblast (safe; 1% risk of failure)
Confirm with . or Enter, or press ? or * to list all spells.
Aiming: Sandblast (safe; 1% risk of failure)
Press: ? - help, Shift-Dir - straight line, f/p - orc warrior
Aim: an orc warrior, wielding a +0 glaive and wearing a +2 plate armour of fire resistance (83% to hit)
The blast of sand hits the orc warrior but does no damage.
Malevolent energies surge around you.
The orc warrior hits you from afar with a +0 glaive!!
* * * LOW HITPOINT WARNING * * *
The orc warrior hits you from afar with a +0 glaive!
You die...

# .. ... ....### #####
#....## ..... #.
#(@#...... #.###)#.o....
##..##.o......
#......#......
#......#...... #######
#.............
......########.......$..
....)..........###......
......########## ######


You could see an orc warrior.

Vanquished Creatures
  Grinder (D:5)
  Edmund (D:5)
  A water moccasin (D:5)
  An ice beast (D:5)
  2 ogres
  2 scorpions
  5 wights (D:6)
  A jelly (D:5)
  2 orc priests (D:5)
  2 orc wizards (D:5)
  2 adders
  6 gnolls
  A shadow imp (D:6)
  5 dart slugs
  3 worms
  6 orcs
  3 bats
  5 endoplasms
  6 goblins
  8 hobgoblins
  8 jackals
  5 quokkas
  4 ball pythons
  3 frilled lizards
  5 kobolds
  3 rats
91 creatures vanquished.

Vanquished Creatures (others)
  A plant (D:3)
1 creature vanquished.

Grand Total: 92 creatures vanquished

Notes
Turn   | Place    | Note
-------+----------+-------------------------------------------
     0 | D:1      | frimble the Demonspawn Earth Elementalist began the quest
                  | for the Orb.
     0 | D:1      | Reached XP level 1. HP: 13/13 MP: 3/3
   177 | D:1      | Reached skill level 1 in Transmutations
   420 | D:1      | Reached skill level 1 in Fighting
   423 | D:1      | Gained mutation: You have an unusually large brain. (Int
                  | +2) [demonic ancestry]
   423 | D:1      | Reached XP level 2. HP: 13/21 MP: 5/5
  1856 | D:2      | Reached XP level 3. HP: 27/27 MP: 6/6
  1861 | D:2      | Found a faded altar of an unknown god.
  1887 | D:2      | HP: 1/27 [poisoned by an adder]
  2401 | D:2      | Found Eraph's Assorted Antiques.
  2413 | D:2      | Bought a scroll labelled JAG CIBRAN for 29 gold pieces
  3128 | D:3      | Gained mutation: Your touch may inflict minor irresistible
                  | damage on your foes. [demonic ancestry]
  3128 | D:3      | Reached XP level 4. HP: 28/33 MP: 7/7
  3414 | D:3      | Found a blossoming altar of Fedhas.
  3729 | D:4      | Found a staircase to the Ecumenical Temple.
  3735 | D:4      | Identified the +8 mace "Ynan" {freeze, rC++ Int+2}
  3867 | D:4      | Noticed a scorpion
  3870 | D:4      | Killed a scorpion
  3871 | D:4      | Reached XP level 5. HP: 38/38 MP: 8/8
  3967 | D:4      | Reached skill level 5 in Earth Magic
  4706 | Temple   | Entered the Ecumenical Temple
  4720 | Temple   | Became a worshipper of Cheibriados the Contemplative
  4735 | D:4      | Learned a level 2 spell: Passwall
  4739 | D:4      | Learned a level 3 spell: Stone Arrow
  4752 | D:5      | Entered Level 5 of the Dungeon
  4756 | D:5      | Reached skill level 1 in Conjurations
  4790 | D:5      | Noticed a water moccasin
  4821 | D:5      | Noticed an ice beast
  4828 | D:5      | Killed an ice beast
  4829 | D:5      | Reached skill level 3 in Conjurations
  4829 | D:5      | Reached XP level 6. HP: 29/44 MP: 9/9
  4855 | D:5      | Killed a water moccasin
  4856 | D:5      | Reached skill level 4 in Conjurations
  5162 | D:5      | Reached skill level 5 in Conjurations
  5162 | D:5      | Gained mutation: Spells you cast may paralyse adjacent
                  | enemies. [demonic ancestry]
  5162 | D:5      | Reached XP level 7. HP: 50/50 MP: 0/10
  5494 | D:5      | Found a shimmering blue altar of Sif Muna.
  5576 | D:5      | Noticed Grinder
  5585 | D:5      | Paralysed by Grinder for 4 turns
  5591 | D:5      | Killed Grinder
  5592 | D:5      | Reached skill level 6 in Conjurations
  5822 | D:5      | Reached * piety under Cheibriados
  5895 | D:5      | Noticed Edmund
  5901 | D:5      | Killed Edmund
  5902 | D:5      | Reached skill level 7 in Conjurations
  6155 | D:6      | Reached XP level 8. HP: 56/56 MP: 4/11
  6444 | D:6      | Mangled by an orc warrior

Illustrated notes

Levels and vault maps discovered:
D:1:      minmay_arrival_doors, layout_loops_ring, serial_co_window_serial,
          co_window_of_opportunity_a, co_window_paths_b, co_window_corner_a,
          co_window_paths_b, co_window_of_opportunity_a, co_window_corner_a,
          co_window_paths_b, co_window_paths_a, co_window_paths_a,
          co_window_paths_c, co_window_corner_b, co_window_cross_4,
          co_window_4corner_a, glass_columns_c, glass_columns_b
D:2:      layout_basic, serial_shops, nicolae_shop_competitors_out_of_business,
          hellmonk_ecumenical_altar_slurped_away
D:3:      layout_basic, mainiacjoe_overflow_surrounded_room,
          serial_bayou_pond_e, kennysheep_generic_room_14
D:4:      layout_loops_corners, minmay_temple_entry_overgrown
D:5:      layout_loops_ring, mainiacjoe_overflow_alcove_1, uniq_edmund,
          uniq_grinder
D:6:      layout_rooms, tso_altar, cheibrodos_sewer_entry_drain
Temple:   nicolae_temple_bog_church

Skill      XL: |  1  2  3  4  5  6  7  8 |
---------------+-------------------------+-----
Transmutations | 1 |  1.0
Fighting       | 1 2 |  2.1
Earth Magic    | 3 4 5 |  5.0
Conjurations   | 3 5 7 |  7.4
Dodging        | 2 3 |  3.0
Spellcasting   | 3 |  3.8
Stealth        | |  1.8

Action                   |  1- 3 |  4- 6 |  7- 9 || total
-------------------------+-------+-------+-------++-------
Melee: Spear             |   141 |    31 |       ||   172
       Punch             |     1 |       |       ||     1
       Touch             |       |    12 |     6 ||    18
       Mace              |       |    29 |    35 ||    64
 Cast: Sandblast         |    24 |     8 |     2 ||    34
       Stone Arrow       |       |     4 |    12 ||    16
  Use: Scroll            |     6 |       |       ||     6
       Potion            |       |       |     3 ||     3
 Stab: Sleeping          |     9 |     6 |     1 ||    16
       Distracted        |     1 |       |       ||     1
Armor: Robe              |    22 |    17 |     4 ||    43
Dodge: Dodged            |    90 |    32 |    27 ||   149

Table legend: (Time is in decaauts)
 A = Elapsed time spent in this place.
 B = Non-inter-level travel time spent in this place.
 C = Inter-level travel time spent in this place.
 D = Time resting spent in this place.
 E = Time spent auto-exploring this place.
 F = Levels seen in this place.
 G = Mean time per level.
                   A        B        C        D        E       F      G
               +--------+--------+--------+--------+--------+-----+--------+
         Total |   6762 |   6508 |    254 |      0 |   5691 |   7 |  966.0 |
       Dungeon |   6735 |   6498 |    237 |      0 |   5686 |   6 | 1122.5 |
        Temple |     27 |     10 |     17 |      0 |      5 |   1 |   27.0 |
               +--------+--------+--------+--------+--------+-----+--------+

Top non-repeatable levels by time:
     D:1: 1915 daAuts
     D:5: 1613 daAuts
     D:4: 1048 daAuts
     D:2: 971 daAuts
     D:3: 845 daAuts
     D:6: 341 daAuts
  Temple: 27 daAuts
